Map: Eternal Empire LE

Players

Vanya

  • Race: Zerg Zerg
  • League: Master
  • Spawn Location: 1:00

Serral - Winner!

  • Race: Zerg Zerg
  • League: Grandmaster
  • Spawn Location: 7:00

Event: Shopify TSL 5

VOD

Have the link to the VOD?

Description

Time

  • Played on: May 23, 2020, 1:39 p.m.
  • Length: 9:55

All games in this series

Show
View Real Time Build Order
Export as new Build Order

Vanya Zerg 

Build Orders: Hatch First 

Get SALT Encoding   

  12  0:01  Drone  
  13  0:12  Overlord  
  13  0:16  Drone  
  14  0:30  Drone x2  
  16  0:48  Hatchery  
  15  0:51  Drone  
  15  0:55  Drone  
  17  0:57  Drone  
  18  1:09  Extractor  
  17  1:13  Spawning Pool  
  17  1:16  Drone  
  17  1:20  Drone  
  18  1:29  Drone  
  19  1:38  Drone  
  20  1:49  Drone  
  21  2:00  Queen x2  
  21  2:01  Drone, Overlord  
  26  2:08  Metabolic Boost  
  26  2:10  Drone  
  26  2:12  Drone  
  28  2:22  Drone x2  
  30  2:34  Hatchery  
  30  2:37  Zergling x2  
  30  2:40  Zergling x2  
  31  2:44  Queen  
  33  2:52  Baneling Nest  
  33  2:54  Overlord  
  33  2:56  Drone  
  33  2:59  Drone  
  33  3:03  Drone  
  35  3:11  Drone  
  36  3:14  Drone x4  
  36  3:16  Drone  
  36  3:19  Overlord  
  41  3:22  Drone  
  42  3:27  Evolution Chamber  
  42  3:29  Zergling x2  
  42  3:30  Zergling x2  
  43  3:37  Drone  
  43  3:40  Drone x2  
  46  3:44  Overlord  
  46  3:46  Extractor x2  
  44  3:50  Drone x4  
  44  3:53  Zerg Missile Weapons Level 1  
  47  3:56  Drone x2  
  47  4:01  Lair  
  49  4:07  Drone x3  
  52  4:10  Drone  
  52  4:12  Drone  
  52  4:14  Drone x2  
  56  4:20  Drone  
  56  4:21  Drone, Roach Warren  
  56  4:23  Drone  
  57  4:25  Drone x2  
  57  4:28  Drone  
  60  4:31  Overlord  
  60  4:33  Drone x2  
  60  4:36  Drone x2  
  64  4:40  Drone x2  
  64  4:44  Extractor, Overlord  
  64  4:45  Extractor  
  64  4:49  Zergling x4  
  66  5:00  Glial Reconstitution  
  66  5:03  Roach  
  66  5:04  Roach x7  
  82  5:16  Nydus Network  
  82  5:18  Overlord  
  81  5:29  Overlord  
  81  5:32  Overlord  
  78  5:37  Roach x6  
  78  5:41  Overlord x2  
  89  5:47  Overseer  
  93  5:50  Roach x4  
  93  5:55  Overlord  
  99  5:57  Roach x4  
  99  6:01  Overlord  
  105  6:04  Nydus Canal  
  105  6:05  Overlord  
  105  6:07  Overseer  
  105  6:08  Roach x3  
  105  6:10  Roach  
  107  6:12  Roach x2  
  107  6:13  Roach  
  107  6:17  Roach  
  107  6:18  Roach  
  117  6:23  Roach x2, Ravager  
  117  6:24  Roach  
  124  6:26  Roach  
  124  6:32  Nydus Canal  
  126  6:33  Roach  
  126  6:37  Roach  
  120  6:40  Roach x2  
  120  6:42  Roach  
  120  6:46  Roach  
  114  6:51  Roach x2  
  114  6:53  Roach  
  112  6:57  Overlord  
  112  6:59  Roach x2  
  112  7:01  Roach  
  106  7:04  Roach  
  106  7:07  Roach, Overlord  
  106  7:10  Roach  
  106  7:12  Roach  
  106  7:14  Drone  
  101  7:16  Roach x2  
  101  7:20  Roach  
  101  7:22  Roach  
  99  7:25  Roach  
  99  7:29  Roach  
  96  7:31  Roach  
  96  7:36  Roach  
  98  7:37  Roach  
  98  7:38  Roach  
  96  7:48  Roach x2  
  94  7:53  Roach  
  94  7:58  Extractor, Drone x3  
  99  7:59  Hatchery  
  99  8:00  Spire  
  99  8:04  Drone x7  
  99  8:13  Overlord  
  99  8:15  Drone x2  
  99  8:17  Roach  
  93  8:23  Roach  
  93  8:24  Roach, Ravager  
  93  8:25  Ravager  
  97  8:35  Drone  
  97  8:37  Unknown  
  97  8:38  Drone x3  
  100  8:46  Overlord  
  100  9:11  Mutalisk x8  
  100  9:13  Roach x3  
  100  9:14  Roach  
  100  9:15  Overlord  
  124  9:17  Hatchery  
  124  9:21  Roach x5  
  128  9:27  Drone x2  
  130  9:36  Extractor  
  135  9:49  Hatchery  
Show
View Real Time Build Order
Export as new Build Order

Serral Zerg - Winner!

Build Orders: Hatch First 

Get SALT Encoding   

  12  0:02  Drone  
  13  0:12  Overlord  
  13  0:17  Drone  
  14  0:30  Drone x2  
  16  0:48  Hatchery  
  15  0:51  Drone  
  15  0:55  Drone  
  17  0:59  Drone  
  18  1:09  Extractor  
  17  1:13  Spawning Pool  
  17  1:17  Drone  
  17  1:20  Drone  
  18  1:28  Drone  
  19  1:39  Drone  
  20  1:50  Drone  
  21  2:00  Queen x2, Overlord  
  26  2:01  Zergling x2  
  26  2:08  Metabolic Boost  
  26  2:11  Drone  
  26  2:12  Drone  
  28  2:22  Drone x2  
  30  2:34  Hatchery  
  29  2:37  Drone  
  29  2:40  Drone  
  31  2:45  Baneling Nest  
  31  2:47  Drone  
  31  2:52  Overlord  
  31  2:55  Zergling x2  
  31  2:57  Drone  
  33  3:05  Drone x2  
  35  3:10  Zergling x2  
  35  3:12  Drone x2  
  38  3:13  Drone x2  
  38  3:19  Zergling x4  
  42  3:24  Queen  
  44  3:32  Evolution Chamber  
  44  3:33  Drone  
  44  3:44  Lair  
  44  3:45  Extractor  
  44  3:47  Drone x4  
  44  3:48  Drone x2  
  49  3:50  Drone  
  49  3:53  Overlord  
  50  3:57  Overlord  
  50  4:02  Zerg Missile Weapons Level 1  
  50  4:06  Roach Warren  
  50  4:07  Baneling  
  50  4:09  Drone  
  50  4:12  Drone  
  50  4:13  Drone x2  
  50  4:15  Drone  
  54  4:17  Drone  
  54  4:18  Drone  
  54  4:20  Drone  
  54  4:21  Drone  
  54  4:24  Overlord  
  58  4:25  Drone  
  58  4:27  Drone  
  58  4:29  Drone  
  61  4:32  Drone x2  
  61  4:34  Drone  
  61  4:36  Drone  
  65  4:40  Drone  
  65  4:42  Drone x2  
  65  4:43  Drone x2  
  69  4:46  Glial Reconstitution  
  69  4:48  Extractor  
  69  4:49  Extractor x2  
  69  4:51  Overlord  
  66  4:54  Overlord  
  66  4:56  Baneling  
  66  4:57  Zergling x4  
  66  4:59  Roach  
  72  5:00  Roach  
  72  5:04  Overlord x2  
  72  5:11  Roach  
  72  5:12  Roach  
  72  5:13  Roach  
  78  5:17  Baneling x2  
  78  5:19  Roach x4  
  86  5:23  Roach  
  86  5:26  Overseer  
  88  5:33  Drone x2  
  87  5:36  Queen  
  87  5:38  Drone x3  
  91  5:47  Roach x3  
  91  5:48  Roach x2  
  101  5:53  Overlord  
  101  5:59  Overlord  
  101  6:00  Roach x2  
  105  6:04  Overlord x2  
  104  6:12  Overlord  
  104  6:13  Overlord  
  104  6:19  Ravager x3  
  104  6:20  Roach x5  
  104  6:24  Ravager  
  104  6:25  Roach x2  
  122  6:28  Roach x2  
  122  6:29  Roach x2  
  130  6:36  Roach  
  124  6:41  Roach x2  
  124  6:44  Queen x2  
  124  6:45  Queen  
  124  6:46  Roach  
  124  6:47  Roach  
  124  6:49  Roach  
  124  6:52  Roach x2  
  120  6:55  Zerg Missile Weapons Level 2  
  120  6:59  Roach x2  
  112  7:02  Roach x2  
  112  7:03  Roach  
  112  7:05  Roach  
  112  7:08  Roach  
  120  7:12  Roach x3  
  120  7:15  Roach  
  120  7:20  Roach x3  
  115  7:25  Roach x3  
  115  7:29  Roach x2  
  123  7:30  Roach  
  123  7:35  Roach x3  
  127  7:41  Roach x2  
  125  7:48  Extractor  
  125  7:49  Spire  
  117  7:53  Drone x3  
  117  7:54  Roach x3  
  117  7:56  Overlord  
  126  8:03  Roach x4  
  132  8:23  Overlord  
  132  8:30  Overlord, Hatchery  
  132  8:34  Drone  
  128  9:02  Mutalisk x9  
  146  9:04  Unknown  
  146  9:05  Drone x3  
  146  9:06  Mutalisk  
  146  9:09  Zergling x20  
  160  9:17  Hatchery  
  160  9:23  Mutalisk  
  159  9:28  Overlord x2  
  167  9:55  Spore Crawler  
Tags
 
Add a new tag
Caveats
  • Supply blocks, unpowered buildings, or Contaminate may cause inaccurate times.
  • Supply counts are checked every 10 seconds.